 Dungeon Crawl Stone Soup version 0.25.1-2-g60ff931df9 (webtiles) character file.

Game seed: 9127933170233692869

4122 hehateme the Cleaver (level 10, -2/63 HPs)
             Began as a Gargoyle Berserker on Nov 9, 2020.
             Was an Elder of Trog.
             Slain by a two-headed ogre
             ... wielding a +0 giant spiked club
              (4 damage)
             ... on level 8 of the Dungeon.
             The game lasted 00:24:47 (7897 turns).

hehateme the Cleaver (Gargoyle Berserker)           Turns: 7897, Time: 00:24:48

Health: -2/63      AC: 24    Str: 23    XL:     10   Next: 27%
Magic:  10/10      EV:  8    Int:  8    God:    Trog [****..]
Gold:   509        SH:  0    Dex: 10    Spells: 9/9 levels left

rFire    . . .     SeeInvis .   L - +0 battleaxe
rCold    . . .     Gourm    .   (shield currently unavailable)
rNeg     + . .     Faith    .   M - +0 plate armour
rPois    ∞         Spirit   .   v - +0 helmet
rElec    +         Reflect  .   h - scarf {repulsion}
rCorr    .         Harm     .   e - +1 pair of gloves
MR       .....                  (no boots)
Stlth    ..........             (no amulet)
HPRegen  0.20/turn              (no ring)
MPRegen  0.12/turn              (no ring)

@: berserk cooldown, flying, slowed, repel missiles, very slow
A: negative energy resistance 1, electricity resistance, unbreathing,
petrification resistance, rot immunity, AC +7
a: Berserk, Trog's Hand, Brothers in Arms, Renounce Religion


You were on level 8 of the Dungeon.
You worshipped Trog.
Trog was greatly pleased with you.
You were very hungry.

You visited 1 branch of the dungeon, and saw 8 of its levels.
You also visited: Ossuary.

You collected 509 gold pieces.

Inventory:

Hand Weapons
 a - a +0 hand axe
 B - a +0 war axe
 L - a +0 battleaxe (weapon)
Armour
 b - a +0 animal skin
 e - a +1 pair of gloves (worn)
 f - a +0 chain mail
 h - a scarf of repulsion (worn)
 k - a +0 ring mail
 p - a +0 helmet
 r - a +0 pair of gloves
 v - a +0 helmet (worn)
 M - a +0 plate armour (worn)
 O - a +0 cloak
Jewellery
 g - an uncursed ring of protection from fire {unknown}
 t - an uncursed ring of flight {unknown}
 C - an uncursed amulet of reflection
 H - an uncursed amulet of the acrobat {unknown}
Wands
 A - a wand of random effects (29)
 E - a wand of paralysis (14)
Scrolls
 d - a scroll of random uselessness {unknown}
 i - 2 scrolls of noise
 j - a scroll of teleportation {unknown}
 o - a scroll of enchant armour {unknown}
 q - a scroll of magic mapping {unknown}
 u - a scroll of enchant weapon {unknown}
 x - 9 scrolls of remove curse
 y - a scroll of fear {unknown}
 D - a scroll of acquirement {unknown}
 G - 5 scrolls of identify
 J - a scroll of fog {unknown}
 K - a scroll of amnesia {unknown}
Potions
 l - 3 potions of brilliance
 m - a potion of cancellation
 n - a potion of might {unknown}
 s - a potion of berserk rage {unknown}
 w - a potion of flight
 z - a potion of ambrosia {unknown}
 F - a potion of curing {unknown}
 I - a potion of magic {unknown}
 N - a potion of stabbing {unknown}
Comestibles
 c - a ration


   Skills:
 + Level 7.2 Fighting
 + Level 10.5 Axes
 + Level 7.6 Armour
 + Level 3.0 Dodging
 + Level 1.0 Stealth


You had 9 spell levels left.
You didn't know any spells.
Your spell library was empty.

Dungeon Overview and Level Annotations

Branches:
Dungeon (8/15)             Temple (0/1) D:7         Ossuary (visited)
   Lair: D:8-11

Altars:
Qazlal

Shops:
D:7 =


Innate Abilities, Weirdness & Mutations

You are resistant to torment.
Your stone body is resilient. (AC +7)
You are immune to poison.
You resist negative energy. (rN+)
You are resistant to electric shocks. (rElec)
You can survive without breathing.
You are immune to petrification.
You are immune to rotting.


Message History

The two-headed ogre is heavily wounded.
You slash the two-headed ogre!
The two-headed ogre is severely wounded.
You closely miss the wyvern.
You are no longer berserk.
You are exhausted.
You feel yourself slow down. The wyvern barely misses you.
The two-headed ogre hits you with a +0 giant spiked club!!
* * * LOW HITPOINT WARNING * * *
The two-headed ogre barely misses you. The wyvern bites you!
* * * LOW HITPOINT WARNING * * *
Okay, then.
It was a potion of flight.
You feel very buoyant.
You fly up into the air.
The wyvern bites you.
* * * LOW HITPOINT WARNING * * *
The two-headed ogre hits you with a +0 giant spiked club.
* * * LOW HITPOINT WARNING * * *
The two-headed ogre hits you with a +0 giant club.
You die...

#.........# ######### #.........#
........# #.........# ........#
#.........# ........# #.........#
........# #.........# ........#
#.........# ......lO# #.........#
########@# #.........#
..........######.........#
...........##....######.....
...................#....#.....
..................'....#.....
#...##............#....#.....
#####...##......##....######.....
........##......##....#......<...
.................#....#..........


You could see a two-headed ogre and a wyvern.

Vanquished Creatures
  A two-headed ogre (D:7)
  Maggie (D:7)
  A hornet (D:8)
  A hungry ghost (D:7)
  A sky beast (D:7)
  An orc warrior (D:7)
  3 phantoms
  2 ogres
  3 bullfrogs
  A water moccasin zombie (Ossuary)
  A scorpion (D:5)
  4 killer bees (D:8)
  7 wights
  A howler monkey (D:7)
  4 crimson imps
  A quasit (D:4)
  7 hounds
  2 jellies (D:6)
  A bullfrog skeleton (D:4)
  An orc priest (D:7)
  A gnoll shaman (D:4)
  6 orc wizards
  2 centaur skeletons
  2 iguanas
  Natasha (D:3)
  6 worker ants
  A big kobold zombie (Ossuary)
  A hound zombie (D:7)
  3 hound skeletons
  2 mummies (Ossuary)
  5 gnolls (D:4)
  4 adders
  A shadow imp (D:8)
  5 adder zombies (Ossuary)
  2 oozes
  An adder skeleton (D:4)
  A worm (D:2)
  3 dart slugs (D:1)
  5 leopard geckos
  27 orcs
  2 ball pythons (D:1)
  5 giant cockroaches
  5 gnoll zombies (Ossuary)
  7 goblins
  10 hobgoblins
  17 jackals
  6 quokkas
  6 bats
  2 frilled lizards
  7 hobgoblin zombies (Ossuary)
  A jackal skeleton (D:4)
  6 kobolds
  7 kobold zombies (Ossuary)
  A leopard gecko zombie (D:6)
  3 orc zombies (Ossuary)
  7 rats
215 creatures vanquished.

Vanquished Creatures (collateral kills)
  A vampire (D:5)
  Menkaure (D:6)
  A worker ant (D:6)
3 creatures vanquished.

Grand Total: 218 creatures vanquished

Notes
Turn   | Place    | Note
-------+----------+-------------------------------------------
     0 | D:1      | hehateme the Gargoyle Berserker began the quest for the
                  | Orb.
     0 | D:1      | Reached XP level 1. HP: 14/14 MP: 1/1
   213 | D:1      | Reached XP level 2. HP: 18/19 MP: 2/2
   266 | D:1      | Reached skill level 3 in Axes
   516 | D:1      | Reached XP level 3. HP: 10/24 MP: 3/3
  1337 | D:2      | Reached ** piety under Trog
  1366 | D:2      | Noticed a black bear
  1446 | D:2      | Reached XP level 4. HP: 28/29 MP: 4/4
  2408 | D:3      | Reached *** piety under Trog
  2414 | D:3      | Reached XP level 5. HP: 33/33 MP: 5/5
  2511 | D:3      | Reached skill level 4 in Axes
  2623 | D:3      | Noticed Natasha
  2636 | D:3      | Killed Natasha
  2937 | D:4      | Noticed an ogre
  2952 | D:4      | Killed an ogre
  2952 | D:4      | Reached XP level 6. HP: 37/39 MP: 6/6
  3167 | D:4      | Noticed a phantom
  3202 | D:4      | Killed a phantom
  3202 | D:4      | Reached skill level 5 in Axes
  3309 | D:4      | Reached XP level 7. HP: 39/44 MP: 7/7
  3834 | D:5      | Entered Level 5 of the Dungeon
  3996 | D:5      | Reached skill level 6 in Axes
  4114 | D:5      | Reached **** piety under Trog
  4134 | D:5      | Reached skill level 5 in Fighting
  4152 | D:5      | Reached XP level 8. HP: 49/49 MP: 8/8
  4232 | D:5      | Found a sand-covered staircase.
  4342 | Ossuary  | Entered an ossuary
  4500 | Ossuary  | Reached skill level 7 in Axes
  4814 | D:6      | Noticed a vampire
  5110 | D:5      | Killed a vampire
  5110 | D:5      | Reached skill level 5 in Armour
  5365 | D:6      | Reached skill level 8 in Axes
  5473 | D:6      | Found a stormy altar of Qazlal.
  5697 | D:6      | Reached XP level 9. HP: 49/55 MP: 9/9
  6183 | D:7      | Found Dewoxud's Jewellery Boutique.
  6406 | D:7      | Noticed Maggie
  6430 | D:7      | Killed Maggie
  6430 | D:7      | Reached skill level 9 in Axes
  6435 | D:7      | Noticed a two-headed ogre
  6442 | D:7      | Noticed Menkaure
  6462 | D:6      | Killed Menkaure
  6509 | D:7      | Killed a two-headed ogre
  6509 | D:7      | Reached skill level 1 in Stealth
  6509 | D:7      | Reached XP level 10. HP: 63/63 MP: 10/10
  6667 | D:7      | Reached skill level 10 in Axes
  6805 | D:7      | Found a staircase to the Ecumenical Temple.
  7887 | D:8      | Noticed a two-headed ogre
  7897 | D:8      | HP: 2/63 [two-headed ogre/+0 giant spiked club (3)]
  7897 | D:8      | Slain by a two-headed ogre

Illustrated notes

Levels and vault maps discovered:
D:1:      ncdulo_lavacross, layout_loops_ring
D:2:      layout_loops_ring, kennysheep_cluttered_room, lightli_corner_chamber
D:3:      layout_rooms, nicolae_overflow_hidden_temple, first_ration,
          uniq_natasha
D:4:      layout_rooms
D:5:      wad_crossroads, layout_rooms, lightli_ossuary_entry_decrepit_ruins,
          lemuel_another_geyser
D:6:      minmay_evil_eye, layout_rooms, basic_altar, minmay_misc_feat_columns,
          chequers_arboretum, nicolae_sextant
D:7:      layout_rooms, temple_fountains, serial_shops, nicolae_shop_waterfront,
          uniq_maggie, uniq_menkaure
D:8:      layout_gridville

Skill      XL: |  1  2  3  4  5  6  7  8  9 10 |
---------------+-------------------------------+-----
Axes           | 3 4 5 6 8 9 10 | 10.5
Fighting       | 4 5 7 |  7.2
Dodging        | 2 3 |  3.0
Armour         | 3 4 5 7 |  7.6
Stealth        | 1 |  1.0

Action                   |  1- 3 |  4- 6 |  7- 9 | 10-12 || total
-------------------------+-------+-------+-------+-------++-------
Melee: Hand axe          |   112 |   136 |       |       ||   248
       War axe           |       |    57 |   358 |       ||   415
       Battleaxe         |       |       |    73 |   136 ||   209
Invok: Berserk           |     2 |     4 |     8 |     3 ||    17
       Trog's Hand       |       |       |     4 |     1 ||     5
       Brothers in Arms  |       |       |     2 |       ||     2
  Use: Scroll            |       |       |     8 |       ||     8
       Potion            |       |       |     5 |     2 ||     7
  Eat: Chunk             |     3 |    10 |    10 |     6 ||    29
       Ration            |       |       |     3 |     3 ||     6
Armor: Animal skin       |    22 |       |       |       ||    22
       Chain mail        |    21 |   143 |   318 |       ||   482
       Ring mail         |     3 |       |       |       ||     3
       Plate armour      |       |       |    37 |   172 ||   209
Dodge: Dodged            |    51 |   115 |   230 |    94 ||   490
